 Dungeon Crawl Stone Soup version 0.27.1-2-g3b301248ec (webtiles) character file.

Game seed: 8726789387993644319

67 Rickety the Shield-Bearer (level 4, -6/29 HPs)
             Began as a Gargoyle Fighter on Sept 22, 2021.
             Mangled by Crazy Yiuf (11 damage)
             ... on level 2 of the Dungeon.
             The game lasted 00:02:48 (2609 turns).

Rickety the Shield-Bearer (Gargoyle Fighter)        Turns: 2609, Time: 00:02:49

Health: -6/29      AC: 11    Str: 20    XL:     4   Next: 16%
Magic:  4/4        EV:  7    Int:  9    God:
Gold:   31         SH:  9    Dex:  9    Spells: 3/3 levels left

rFire    . . .     SeeInvis .   a - +0 flail
rCold    . . .     Faith    .   c - +0 kite shield
rNeg     + . .     Spirit   .   b - +0 scale mail
rPois    ∞         Reflect  .   (no helmet)
rElec    +         Harm     .   h - +0 cloak
rCorr    +         Rampage  .   (no gloves)
Will     .....                  (no boots)
Stlth    ..........             (no amulet)
HPRegen  0.09/turn              k - ring of resist corrosion
MPRegen  0.09/turn              (no ring)

@: no status effects
A: sickness immunity, AC +3, negative energy resistance 1, electricity
resistance, torment resistance 1, petrification resistance
a: no special abilities


You were on level 2 of the Dungeon.
You visited 1 branch of the dungeon, and saw 2 of its levels.

You collected 31 gold pieces.

Inventory:

Hand Weapons
 a - a +0 flail (weapon)
Armour
 b - a +0 scale mail (worn)
 c - a +0 kite shield (worn)
 h - a +0 cloak (worn)
Jewellery
 k - a ring of resist corrosion (left hand)
Scrolls
 e - 2 scrolls of teleportation {unknown}
 f - a scroll of magic mapping {unknown}
 j - 2 scrolls of identify {unknown}
 l - a scroll of enchant weapon {unknown}
Potions
 d - 2 potions of might
 g - 2 potions of cancellation {unknown}
 i - a potion of flight {unknown}


   Skills:
 + Level 3.8 Fighting
 + Level 2.9 Maces & Flails
 + Level 3.6 Armour
 + Level 0.3 Dodging
 + Level 4.0 Shields


You had 3 spell levels left.
You didn't know any spells.
Your spell library contained the following spells:

 Spells                   Type           Power      Damage    Failure   Level
 Call Canine Familiar     Summ           0%         N/A       100%        3
 Portal Projectile        Hex/Tloc       0%         N/A       100%        3
 Leda's Liquefaction      Hex/Erth       0%         N/A       100%        4


Dungeon Overview and Level Annotations

Branches:
Dungeon (2/15)

Altars:
Kikubaaqudgha

Annotations:
D:2 Crazy Yiuf


Innate Abilities, Weirdness & Mutations

You are immune to sickness and miasma.
Your stone body is resilient. (AC +3)
You are immune to poison.
You resist negative energy. (rN+)
You are resistant to electric shocks. (rElec)
You are resistant to unholy torment.
You are immune to petrification.


Message History

You see here a worm corpse.
You block the bat's attack. The bat hits you but does no damage.
The bat barely misses you.
There is a fountain of clear blue water here.
The bat hits you but does no damage. The bat barely misses you.
You block the bat's attack.
You closely miss the bat. You block the bat's attack.
The bat hits you but does no damage. x2
You barely miss the bat. You block the bat's attack.
You thump the bat!
You kill the bat!
No target in view!
Found a scroll labelled WOCEYK XUMIRU.
No target in view!
l - a scroll labelled WOCEYK XUMIRU
Found a mace.
You see here a +0 mace.
Found seven maces.
Found a runed translucent door.
You see here a +0 mace.
Found a mace.
Crazy Yiuf shouts!
You see here a +0 mace.
You see here a +0 mace.
Found three maces.
You see here a +0 mace.
You open the door. You closely miss Crazy Yiuf.
Crazy Yiuf hits you with a +4 quarterstaff of chaos.
You resist with some effort.
Crazy Yiuf hits you with a +4 quarterstaff of chaos!
Crazy Yiuf burns you.
You sock Crazy Yiuf!
Crazy Yiuf is heavily wounded.
Crazy Yiuf hits you with a +4 quarterstaff of chaos!
* * * LOW HITPOINT WARNING * * *
You hit Crazy Yiuf but do no damage.
Crazy Yiuf is heavily wounded.
Crazy Yiuf hits you with a +4 quarterstaff of chaos!
You die...

### ##.## ##.#.##
###.###.# ###
♣♣##.....##. #)))#♣♣
♣♣.#..#.#.#.#
#.))g@♣♣♣♣..........##
#)))#♣))♣)..^....#.##
### ♣♣♣)♣).#.#..#.#
♣♣♣♣♣####.#.# #.....#
#################
###.#####
#...............#
##<.....
#.######..#######
#....#.# #.# #..#
#.####÷#


You could see Crazy Yiuf.

Vanquished Creatures
  An adder (D:2)
  2 worms (D:2)
  A dart slug (D:1)
  5 endoplasms
  2 giant cockroaches
  A goblin (D:1)
  3 hobgoblins (D:1)
  2 jackals (D:1)
  5 quokkas
  7 ball pythons
  6 bats
  6 frilled lizards
  5 kobolds
  3 rats (D:2)
49 creatures vanquished.

Vanquished Creatures (others)
  A plant (D:1)
1 creature vanquished.

Grand Total: 50 creatures vanquished

Notes
Turn   | Place    | Note
-------+----------+-------------------------------------------
     0 | D:1      | Rickety the Gargoyle Fighter began the quest for the Orb.
     0 | D:1      | Reached XP level 1. HP: 14/14 MP: 1/1
   141 | D:1      | Reached XP level 2. HP: 19/19 MP: 2/2
   790 | D:1      | Reached XP level 3. HP: 22/23 MP: 3/3
  1385 | D:2      | Found an ancient bone altar of Kikubaaqudgha.
  1928 | D:2      | Reached skill level 4 in Shields
  1954 | D:2      | Found a faded altar of an unknown god.
  2187 | D:2      | Reached XP level 4. HP: 29/29 MP: 4/4
  2602 | D:2      | Found a runed translucent door.
  2603 | D:2      | Noticed Crazy Yiuf
  2609 | D:2      | Mangled by Crazy Yiuf

Illustrated notes

Levels and vault maps discovered:
D:1:      elethiomel_arrival_infinity_welcomes_careful_drivers,
          layout_loops_corners, minmay_shallow_snake_nest
D:2:      layout_loops_ring, basic_ecumenical_altar, serial_co_window_serial,
          co_window_paths_a, co_window_cross_1, co_window_cross_1,
          co_window_paths_a, co_window_paths_a, co_window_broadway_a,
          co_window_corner_b, co_window_cross_2, co_window_of_opportunity_c,
          co_window_4corner_b, co_window_sun, basic_altar,
          hangedman_feature_mirror, uniq_crazy_yiuf_cottage

Skill      XL: |  1  2  3 |
---------------+----------+-----
Shields        | 4 |  4.0
Fighting       | |  3.8
Maces & Flails | |  2.9
Armour         | |  3.6
Dodging        | |  0.3

Action                   |  1- 3 |  4- 6 || total
-------------------------+-------+-------++-------
Melee: Flail             |   129 |    26 ||   155
Armor: Scale mail        |    72 |    23 ||    95
Dodge: Dodged            |    41 |    10 ||    51
Block: Kite shield       |    73 |    15 ||    88
